 Dungeon Crawl Stone Soup version 0.27.1 (webtiles) character file.

Game seed: 722868218488474545

443 Destapler the Cudgeller (level 6, -10/62 HPs)
             Began as a Troll Chaos Knight on Aug 24, 2021.
             Was a Plaything of Xom.
             Mangled by an ice devil (22 damage)
             ... summoned by Xom
             ... on level 4 of the Dungeon.
             The game lasted 00:05:05 (3252 turns).

Destapler the Cudgeller (Troll Chaos Knight)        Turns: 3252, Time: 00:05:07

Health: -10/62     AC:  7    Str: 20 (21) XL:     6   Next: 71%
Magic:  5/5        EV: 10    Int:  8      God:    Xom [......]
Gold:   193        SH:  0    Dex:  9      Spells: 5/5 levels left

rFire    + . .     SeeInvis .   l - +4 quarterstaff (chaos)
rCold    . . .     Faith    .   (shield currently unavailable)
rNeg     . . .     Spirit   .   b - +2 robe
rPois    .         Reflect  .   (helmet restricted)
rElec    .         Harm     .   m - +0 cloak
rCorr    .         Rampage  .   (gloves unavailable)
Will     .....                  (boots unavailable)
Stlth    +.........             (no amulet)
HPRegen  1.20/turn              (no ring)
MPRegen  0.09/turn              (no ring)

@: unable to read
A: large, unfitting armour, claws 3, regeneration 1, shaggy fur 1, tough skin 1,
fire resistance 1, weak 1, inability to read while threatened, MP-powered wands
a: Renounce Religion


You were on level 4 of the Dungeon.
You worshipped Xom.
You were a very special plaything of Xom.
You visited 1 branch of the dungeon, and saw 4 of its levels.

You collected 193 gold pieces.

Inventory:

Hand Weapons
 a - a +0 mace of chaos
 c - a +2 mace of protection
 l - a +4 quarterstaff of chaos (weapon)
Missiles
 p - 2 boomerangs (quivered)
Armour
 b - a +2 robe (worn)
 m - a +0 cloak (worn)
Jewellery
 r - a +4 ring of protection
Scrolls
 d - 3 scrolls of identify {unknown}
 e - 2 scrolls of fear {unknown}
 f - 2 scrolls of teleportation {unknown}
 h - a scroll of holy word {unknown}
 i - a scroll of amnesia {unknown}
 j - 2 scrolls of immolation {unknown}
Potions
 g - 3 potions of curing {unknown}
 k - a potion of mutation {unknown}
 n - 2 potions of degeneration {unknown}
 o - a potion of heal wounds {unknown}
 q - a potion of flight {unknown}
 s - 3 potions of attraction {unknown}


   Skills:
 + Level 4.1 Fighting
 + Level 4.5 Maces & Flails
 + Level 3.8 Dodging


You had 5 spell levels left.
You didn't know any spells.
Your spell library was empty.

Dungeon Overview and Level Annotations

Branches:
Dungeon (4/15)
 Temple: D:4-7

Altars:
Dithmenos
Gozag
Uskayaw
Xom
The Shining One

Shops:
D:1 :

Annotations:
D:4 Blork the orc
Abyss:1 Natasha


Innate Abilities, Weirdness & Mutations

You are too large for most types of armour.
You have claws for hands.
Your natural rate of healing is unusually fast.
You are covered in fur. (AC +1)
You have tough skin. (AC +1)
Your flesh is heat resistant. (rF+)
You are weak. (Str -2)
You sometimes lose the ability to read scrolls when taking damage.
You expend magic power (3 MP) to strengthen your wands.


Message History

There are monsters nearby!
You closely miss the iron imp.
The iron imp is severely wounded.
The shadow imp hits you but does no damage.
The iron imp hits you.
You hit the iron imp but do no damage.
The iron imp is severely wounded.
The shadow imp hits you but does no damage.
You hit the ice devil but do no damage.
Lightning courses through the ice devil!
The ice devil is lightly wounded.
The shadow imp gestures at you. Pain shoots through your body!
The shadow imp hits you but does no damage.
You barely miss the ice devil.
The ice devil is lightly wounded.
The ice devil hits you!
You feel threatened and lose the ability to read scrolls!
The ice devil freezes you! The shadow imp barely misses you.
You closely miss the ice devil.
The ice devil is lightly wounded.
The ice devil hits you. The ice devil freezes you!!
* * * LOW HITPOINT WARNING * * *
The shadow imp hits you but does no damage.
The ice devil hits you but does no damage.
You closely miss the ice devil.
The ice devil is lightly wounded.
The shadow imp closely misses you.
The ice devil hits you but does no damage.
You sock the ice devil!
The ice devil is moderately wounded.
The shadow imp barely misses you.
The ice devil hits you but does no damage.
You hit the ice devil but do no damage.
The ice devil is moderately wounded.
The shadow imp misses you. The ice devil hits you!
* * * LOW HITPOINT WARNING * * *
The ice devil freezes you!!
You die...
Xom titters!

##..#....##..........
#...###.............. #...#
#..##.......... #...#
#..##.......... ###.#
#..##(.........
#####'###..##..>.......
#......(#..##..........
#.......(##################
#.......54@5...#...........
#####+#.######.#.#########.
#.#)##.....#.....#.....
#.#.##.#########.#.####
#.#.##...........#.....
#.#.###################
########
#.#................
#......#
#.##................
##.###.#
#.##.####............


You could see an ice devil (summoned), an iron imp (summoned) and a shadow imp
(summoned).

Vanquished Creatures
  Sigmund (D:3)
  An ogre (D:4)
  Crazy Yiuf (D:2)
  An iguana (D:3)
  An orc wizard (D:3)
  A killer bee zombie (D:4)
  4 adders
  3 dart slugs
  6 orcs
  7 ball pythons
  2 bats (D:1)
  7 endoplasms
  7 giant cockroaches
  7 goblins
  7 hobgoblins
  3 jackals (D:2)
  5 quokkas
  7 frilled lizards
  6 kobolds
  8 rats
85 creatures vanquished.

Vanquished Creatures (collateral kills)
  A kobold (D:3)
1 creature vanquished.

Grand Total: 86 creatures vanquished

Notes
Turn   | Place    | Note
-------+----------+-------------------------------------------
     0 | D:1      | Destapler the Troll Chaos Knight began the quest for the
                  | Orb.
     0 | D:1      | Reached XP level 1. HP: 22/22 MP: 0/0
    11 | D:1      | Found Xuut's Book Shoppe.
   124 | D:1      | Reached XP level 2. HP: 29/29 MP: 1/1
   243 | D:1      | XOM: silly message
   316 | D:1      | XOM: silly message
   426 | D:1      | Reached XP level 3. HP: 36/36 MP: 2/2
   791 | D:2      | XOM: give mutations
   791 | D:2      | Gained mutation: You sometimes lose the ability to read
                  | scrolls when taking damage. [Xom's mischief]
   791 | D:2      | Gained mutation: You expend magic power (3 MP) to
                  | strengthen your wands. [Xom's mischief]
   791 | D:2      | Gained mutation: You are weak. (Str -2) [Xom's mischief]
   823 | D:2      | XOM: torment (19/36 hp)
   847 | D:2      | XOM: polymorph jackal -> dart slug
   855 | D:2      | XOM: scenery: summon butterflies
   958 | D:2      | XOM: stat loss: -1 Dex (8/9)
   969 | D:2      | XOM: summons 2 hostile demons
  1053 | D:2      | Found a runed translucent door.
  1054 | D:2      | Noticed Crazy Yiuf
  1060 | D:2      | Killed Crazy Yiuf
  1061 | D:2      | Reached XP level 4. HP: 45/45 MP: 3/3
  1075 | D:2      | XOM: give mutation
  1075 | D:2      | Gained mutation: Your flesh is heat resistant. (rF+) [Xom's
                  | grace]
  1221 | D:2      | XOM: divination: magic mapping
  1237 | D:2      | Noticed Natasha
  1239 | D:2      | Banished Natasha
  1832 | D:2      | XOM: give mutation
  1832 | D:2      | Gained mutation: Your flesh is cold resistant. (rC+) [Xom's
                  | grace]
  2068 | D:2      | XOM: give mutations
  2068 | D:2      | Lost mutation: You are weak. (Str -2) [Xom's mischief]
  2068 | D:2      | Gained mutation: You are weak. (Str -2) [Xom's mischief]
  2068 | D:2      | Lost mutation: Your flesh is cold resistant. (rC+) [Xom's
                  | mischief]
  2079 | D:3      | Noticed Sigmund
  2085 | D:3      | XOM: summons 4 friendly demons
  2091 | D:3      | Killed Sigmund
  2092 | D:3      | Reached XP level 5. HP: 49/54 MP: 4/4
  2166 | D:3      | Reached XP level 6. HP: 52/62 MP: 5/5
  2848 | D:4      | XOM is BORED!
  2848 | D:4      | XOM: stat loss: -2 Str (19/21)
  2907 | D:4      | Noticed Blork the orc
  2907 | D:4      | XOM: 2-stop teleportation journey
  3049 | D:4      | Found a hide-covered altar of Uskayaw.
  3049 | D:4      | Found a glowing golden altar of the Shining One.
  3052 | D:4      | Found an opulent altar of Gozag.
  3054 | D:4      | Found a shimmering altar of Xom.
  3055 | D:4      | Found a shadowy altar of Dithmenos.
  3242 | D:4      | XOM: summons 3 hostile demons
  3243 | D:4      | Noticed an ice devil
  3252 | D:4      | Mangled by an ice devil

Illustrated notes

Levels and vault maps discovered:
D:1:      heliophobic_arrival_henge, layout_loops_ring, serial_shops,
          nicolae_shop_stone, minmay_3d_cube
D:2:      layout_loops_ring, minmay_tiny_reverse_x, uniq_natasha,
          uniq_crazy_yiuf_cottage
D:3:      layout_basic, uniq_sigmund
D:4:      layout_basic, grunt_temple_overflow_open, roderic_serpentine_path,
          minivault_1, chequers_decorated_corner, uniq_blork_the_orc

Skill      XL: |  1  2  3  4  5  6 |
---------------+-------------------+-----
Dodging        | 2 3 |  3.8
Maces & Flails | 3 4 |  4.5
Fighting       | 3 4 |  4.1

Action                   |  1- 3 |  4- 6 || total
-------------------------+-------+-------++-------
Melee: Mace              |   146 |       ||   146
       Quarterstaff      |       |    96 ||    96
Armor: Robe              |   101 |    36 ||   137
Dodge: Dodged            |    83 |    45 ||   128
